 Dungeon Crawl Stone Soup version 0.23.2-1-ga50397a6bc (webtiles) character file.

Game seed: 6067052570129356274

3825 Marnok the Skirmisher (level 9, -4/71 HPs)
             Began as a Demonspawn Abyssal Knight on Apr 21, 2019.
             Was a High Priest of Lugonu.
             Splashed by a jelly's acid (9 damage)
             ... on level 7 of the Dungeon.
             The game lasted 00:21:59 (7909 turns).

Marnok the Skirmisher (Demonspawn Abyssal Knight)   Turns: 7909, Time: 00:21:59

Health: -4/71      AC:  9    Str: 19    XL:     9   Next: 97%
Magic:  0/11       EV: 11    Int: 17    God:    Lugonu [*****.]
Gold:   174        SH: 14    Dex: 18    Spells: 8/8 levels left

rFire    . . .     SeeInvis .   g - +6 spear "Nuzofa" {flame, +Rage rPois}
rCold    . . .     Gourm    .   C - +0 large shield
rNeg     + . .     Faith    +   A - +4 chain mail {rN+}
rPois    +         Spirit   +   (no helmet)
rElec    .         Reflect  .   (no cloak)
rCorr    .         Harm     .   (no gloves)
MR       .....                  (no boots)
Stlth    ..........             z - amulet of faith
HPRegen  0.21/turn              t - +2 ring of intelligence
MPRegen  0.24/turn              (no ring)

@: mighty, agile, corroded
A: spiny 2, magic shield, magic regeneration
a: Depart the Abyss, Bend Space, Banish, Corrupt, Enter the Abyss, Renounce
Religion, Evoke Berserk Rage


You were on level 7 of the Dungeon.
You worshipped Lugonu.
Lugonu was extremely pleased with you.
You were not hungry.

You visited 1 branch of the dungeon, and saw 7 of its levels.
You visited the Abyss 1 time.
You also visited: Ossuary.

You collected 430 gold pieces.
You spent 256 gold pieces at shops.

Inventory:

Hand Weapons
 f - a +2 whip of freezing
 g - the +6 spear "Nuzofa" (weapon) {flame, +Rage rPois}
   (You found it on level 4 of the Dungeon)

   It has been specially enchanted to burn those struck by it, causing extra
   injury to most foes and up to half again as much damage against particularly
   susceptible opponents.
   It protects you from poison.
   It lets you go berserk.
 m - a +3 hand axe
 y - a +3 mace of crushing
 B - the +1 long sword "Xuomm" {slice, Str+8}
   (You found it on level 5 of the Dungeon)

   It inflicts extra damage upon your enemies.
   It affects your strength (+8).
Armour
 A - a +4 chain mail of positive energy (worn)
 C - a +0 large shield (worn)
Jewellery
 b - an uncursed amulet of magic regeneration {unknown}
 h - an uncursed ring of ice {unknown}
 t - a +2 ring of intelligence (left hand)
 z - an amulet of faith (around neck)
Wands
 r - a wand of flame (9)
 s - a wand of iceblast (4)
Scrolls
 a - 3 scrolls of identify
 d - a scroll of remove curse
 e - 8 scrolls of teleportation
 j - 2 scrolls of amnesia
 k - 6 scrolls of immolation
 n - 3 scrolls of blinking
 p - 3 scrolls of magic mapping
 F - a scroll of fear
Potions
 l - 3 potions of lignification
 q - a potion of agility
 u - 3 potions of curing
 v - 2 potions of flight
 w - 5 potions of magic
 x - 2 potions of ambrosia
Comestibles
 c - 7 rations


   Skills:
 + Level 6.7 Fighting
 + Level 6.0(7.4) Axes
 + Level 6.5(7.6) Polearms
 + Level 4.6 Armour
 + Level 4.2 Dodging
 + Level 2.1 Stealth
 + Level 4.3 Shields
 + Level 2.7 Invocations


You had 8 spell levels left.
You didn't know any spells.
Your spell library was empty.

Dungeon Overview and Level Annotations

Branches:
Dungeon (7/15)             Temple (0/1) D:5

Altars:
Elyvilon
Fedhas
Uskayaw
Wu Jian

Shops:
D:4 *   D:5 [

Annotations:
D:7 1 transporter, VAD3MB3R's ghost, novice MfGl


Innate Abilities, Weirdness & Mutations

You are mostly covered in sharp spines.
When hurt, damage is shared between your health and your magic reserves.
You regenerate magic rapidly.


Message History

The two-headed ogre is heavily wounded.
The jelly hits you.
You are splashed with acid!
The two-headed ogre hits you with a +0 giant spiked club!!
You block the two-headed ogre's attack.
VAD3MB3R's ghost is struck by your spines.
VAD3MB3R's ghost hits you! VAD3MB3R's ghost hits you.
VAD3MB3R's ghost hits you but does no damage.
You block the two-headed ogre's attack.
The two-headed ogre hits you with a +0 giant spiked club!!
* * * LOW HITPOINT WARNING * * *
You puncture the jelly! You burn the jelly.
Your hands burn!
* * * LOW HITPOINT WARNING * * *
The jelly is severely wounded.
You block the jelly's attack.
You feel agile all of a sudden. The jelly hits you.
* * * LOW HITPOINT WARNING * * *
The acid corrodes you!
You are splashed with acid!
You die...

.# #.##........##.#....# .#
#.#########.##.#...[# .#
#...................# .#
#######.............# .#
######.............# .#
##...............(..# .#
#..#########........# .#
#.##©......##.###.### .#
#.#8.##@##.8#.# #.#
.#########.#..##J##..#.###.#
...........#...WOh..)#..##.#
.#######..©#....©...$#©..#.######
.# ##..#........?#..†........ .#
##.#..##.##..#.########## .#
#.#8.##.##.8#.# .#
#.##.......##.# ##
#..#########..#


You could see a two-headed ogre, a black bear, a jelly and VAD3MB3R's ghost.

Vanquished Creatures
  Pikel (D:7)
  Sigmund (D:4)
  Edmund (D:5)
  Menkaure (Ossuary)
  Duvessa (D:5)
  2 sky beasts (D:7)
  An ice beast (D:6)
  An orc warrior (D:5)
  A slave (D:7)
  A black bear (D:3)
  3 ogres
  3 centaurs
  Blork the orc (D:5)
  3 bullfrogs
  Dowan (D:5)
  4 scorpions
  3 howler monkeys
  A bullfrog zombie (D:6)
  4 crimson imps
  A quasit (D:4)
  3 hounds
  An orc priest (D:4)
  2 bullfrog skeletons
  3 jellies
  4 orc wizards
  4 centaur skeletons
  An iguana (D:5)
  7 worker ants
  2 hound zombies
  A hound skeleton (D:4)
  3 mummies (Ossuary)
  A worker ant zombie (D:6)
  4 gnolls
  17 adders
  2 shadow imps
  An ooze (D:3)
  An adder skeleton (D:5)
  8 worms
  2 dart slugs
  8 leopard geckos
  15 orcs
  6 giant cockroaches
  11 hobgoblins
  7 jackals
  9 kobolds
  A quokka (D:2)
  7 bats
  3 frilled lizards
  4 gnoll skeletons (Ossuary)
  6 gnoll zombies (Ossuary)
  3 goblins
  5 goblin skeletons (Ossuary)
  6 goblin zombies (Ossuary)
  2 hobgoblin skeletons (Ossuary)
  5 hobgoblin zombies
  4 kobold skeletons (Ossuary)
  A kobold zombie (Ossuary)
  5 orc skeletons (Ossuary)
  4 orc zombies (Ossuary)
  8 rats
  5 rat skeletons (Ossuary)
  4 rat zombies (Ossuary)
231 creatures vanquished.

Vanquished Creatures (others)
  A slave (D:7)
  A hound (D:7)
  A worker ant zombie (D:7)
  An orc (D:7)
4 creatures vanquished.

Grand Total: 235 creatures vanquished

Notes
Turn   | Place    | Note
-------+----------+-------------------------------------------
     0 | Abyss:1  | Marnok the Demonspawn Abyssal Knight began the quest for
                  | the Orb.
     0 | Abyss:1  | Reached XP level 1. HP: 18/18 MP: 2/2
    20 | D:1      | Escaped the Abyss
   366 | D:1      | Gained mutation: You are partially covered in sharp spines.
                  | [demonic ancestry]
   366 | D:1      | Reached XP level 2. HP: 10/24 MP: 3/3
  1033 | D:1      | Reached skill level 1 in Dodging
  1168 | D:1      | Reached ** piety under Lugonu
  1341 | D:2      | Gained mutation: When hurt, damage is shared between your
                  | health and your magic reserves. [demonic ancestry]
  1341 | D:2      | Reached XP level 3. HP: 23/29 MP: 5/5
  1849 | D:2      | Gained mutation: You regenerate magic rapidly. [demonic
                  | ancestry]
  1849 | D:2      | Reached XP level 4. HP: 37/37 MP: 6/6
  1968 | D:2      | Reached skill level 1 in Axes
  2301 | D:3      | Noticed a black bear
  2321 | D:3      | Killed a black bear
  2321 | D:3      | Reached skill level 1 in Stealth
  2321 | D:3      | Reached XP level 5. HP: 24/42 MP: 3/7
  2546 | D:3      | Reached *** piety under Lugonu
  2633 | D:3      | Gained mutation: You are mostly covered in sharp spines.
                  | [demonic ancestry]
  2633 | D:3      | Reached XP level 6. HP: 23/48 MP: 5/8
  3303 | D:4      | Found a sand-covered staircase.
  3316 | Ossuary  | Entered an ossuary
  3507 | Ossuary  | Reached **** piety under Lugonu
  3681 | Ossuary  | Reached XP level 7. HP: 55/55 MP: 7/9
  3696 | Ossuary  | Noticed Menkaure
  3706 | Ossuary  | Killed Menkaure
  3706 | Ossuary  | Reached ***** piety under Lugonu
  4116 | D:4      | Got a twisted spear
  4124 | D:4      | Identified the +6 spear "Nuzofa" {flame, +Rage rPois} (You
                  | found it on level 4 of the Dungeon)
  4140 | D:4      | Reached skill level 1 in Shields
  4389 | D:4      | Found Rexuz's General Store.
  4404 | D:4      | Reached skill level 5 in Axes
  4414 | D:4      | Bought a potion of heal wounds for 60 gold pieces
  4414 | D:4      | Bought a scroll of identify for 24 gold pieces
  4482 | D:4      | Noticed Sigmund
  4500 | D:4      | Killed Sigmund
  4500 | D:4      | Reached skill level 5 in Fighting
  4500 | D:4      | Reached XP level 8. HP: 56/62 MP: 7/10
  4657 | D:4      | Found a hide-covered altar of Uskayaw.
  4885 | D:5      | Entered Level 5 of the Dungeon
  5007 | D:5      | Found a staircase to the Ecumenical Temple.
  5015 | D:5      | Noticed Duvessa
  5015 | D:5      | Noticed Dowan
  5018 | D:5      | Noticed Blork the orc
  5026 | D:5      | Killed Blork the orc
  5032 | D:5      | Killed Duvessa
  5035 | D:5      | Killed Dowan
  5267 | D:5      | Found an ornate altar of the Wu Jian Council.
  5268 | D:5      | Noticed Edmund
  5286 | D:5      | Killed Edmund
  5584 | D:5      | Reached XP level 9. HP: 28/69 MP: 4/11
  5819 | D:5      | Found a white marble altar of Elyvilon.
  5822 | D:5      | Found Cenusiu's Antique Armour Shop.
  5831 | D:5      | Bought a glowing chain mail for 172 gold pieces
  5881 | D:5      | Got a transparent long sword
  6057 | D:5      | Identified the +1 long sword "Xuomm" {slice, Str+8} (You
                  | found it on level 5 of the Dungeon)
  6443 | D:6      | Found a blossoming altar of Fedhas.
  6540 | D:6      | Reached skill level 5 in Polearms
  7179 | D:7      | Noticed Pikel
  7194 | D:7      | Killed Pikel
  7579 | D:7      | Found a transporter.
  7582 | D:7      | Noticed VAD3MB3R's ghost (novice MfGl)
  7584 | D:7      | Found a transporter.
  7584 | D:7      | Noticed a two-headed ogre
  7909 | D:7      | Splashed by a jelly's acid

Skill      XL: |  1  2  3  4  5  6  7  8  9 |
---------------+----------------------------+-----
Polearms       | 2 4 6 |  6.5
Dodging        | 1 2 3 4 |  4.2
Armour         | 2 3 4 |  4.6
Axes           | 2 3 5 6 |  6.0
Fighting       | 4 5 6 |  6.7
Stealth        | 1 2 |  2.1
Shields        | 1 2 4 |  4.3
Invocations    | |  2.7

Action                   |  1- 3 |  4- 6 |  7- 9 || total
-------------------------+-------+-------+-------++-------
Melee: Spear             |    40 |       |   311 ||   351
       Hand axe          |    56 |   193 |    32 ||   281
  Use: Potion            |       |     7 |     5 ||    12
       Scroll            |       |     1 |    20 ||    21
 Stab: Sleeping          |       |     1 |     1 ||     2
       Distracted        |       |     1 |       ||     1
  Eat: Chunk             |     3 |     5 |    11 ||    19
       Ration            |       |       |     1 ||     1
Armor: Leather armour    |    22 |    29 |    10 ||    61
       Skin              |       |    16 |       ||    16
       Chain mail        |       |       |    79 ||    79
Dodge: Dodged            |    44 |    83 |    55 ||   182
Block: Buckler           |       |    24 |     8 ||    32
       Large shield      |       |       |   161 ||   161
